cohdb
Replays
Latest Replays
All Replays
Popular Replays
Top Player Replays
Match Explorer
How It Works
Community
CoH3 Stats
Reddit
Sign in to upload your games and track your stats! →
Sign in with Steam
Match 40613478
Unlisted
Match 40613478
Overview
Messages
Build Orders
End
Panzergrenadier Squad
250 Light Carrier
Construct Light Support Kompanie
MG34 Team
2.5-tonne Medical Truck
Panzergrenadier Squad
Fire Support Elements
Selects Italian Infantry
Selects Guastatori Squad
Guastatori Squad
Guastatori Squad
2.5-tonne Medical Truck
Pak 38 Mechanized Group
Selects Defensive Operations
Selects L6/40 Light Tank Combat Group
L6/40 Light Tank Combat Group
justchillin87
Calxtus
nehahaha
黑框眼镜
bloodstark
Exf
Gravey
Malloy
0
0
Comments
sign in to comment!
No comments posted yet!